 Dungeon Crawl Stone Soup version 0.26.1-11-gd32895ea62 (webtiles) character file.

Game seed: 16293586239962542132

857 Gwenloh the Digger (level 8, -2/41 HPs)
             Began as a Gargoyle Earth Elementalist on May 11, 2021.
             Slain by a worm (4 damage)
             ... on level 4 of the Dungeon on May 12, 2021.
             The game lasted 00:12:54 (4226 turns).

Gwenloh the Digger (Gargoyle Earth Elementalist)    Turns: 4226, Time: 00:12:55

Health: -2/41      AC:  9    Str: 11    XL:     8   Next: 2%
Magic:  10/14      EV: 11    Int: 18    God:
Gold:   195        SH:  0    Dex: 11    Spells: 4/15 levels left

rFire    . . .     SeeInvis .   s - +0 quarterstaff
rCold    + . .     Faith    .   (shield currently unavailable)
rNeg     + . .     Spirit   .   q - +0 leather armour
rPois    ∞         Reflect  .   (no helmet)
rElec    +         Harm     .   (no cloak)
rCorr    .         Rampage  .   (no gloves)
Will     .....                  (no boots)
Stlth    +.........             n - amulet of the acrobat
HPRegen  0.13/turn              g - ring of protection from cold
MPRegen  0.14/turn              (no ring)

@: very slow
A: negative energy resistance 1, electricity resistance, unbreathing,
petrification resistance, miasma immunity, AC +5
a: no special abilities


You were on level 4 of the Dungeon.
You visited 1 branch of the dungeon, and saw 4 of its levels.

You collected 195 gold pieces.

Inventory:

Hand Weapons
 a - a +0 club
 s - a +0 quarterstaff (weapon)
Missiles
 b - 124 stones
 o - 5 poisoned darts (quivered)
Armour
 c - a +0 robe
 k - a +0 ring mail
 q - a +0 leather armour (worn)
 r - a +0 buckler
Jewellery
 g - a ring of protection from cold (left hand)
 n - an amulet of the acrobat (around neck)
Scrolls
 h - 3 scrolls of amnesia
 l - a scroll of fog
 m - a scroll of blinking
 t - a scroll of magic mapping
 w - a scroll of enchant armour {unknown}
Potions
 d - a potion of ambrosia {unknown}
 f - a potion of invisibility {unknown}
 i - a potion of flight {unknown}
 j - 2 potions of curing {unknown}
 p - a potion of brilliance {unknown}
 v - a potion of haste {unknown}


   Skills:
 + Level 3.9 Armour
 - Level 1.5 Dodging
 - Level 2.1 Stealth
 + Level 4.1 Spellcasting
 + Level 3.3 Conjurations
 - Level 0.7 Transmutations
 * Level 7.9 Earth Magic


You had 4 spell levels left.
You knew the following spells:

 Your Spells              Type           Power        Failure   Level
a - Sandblast             Erth           64%          1%          1
b - Stone Arrow           Conj/Erth      48%          5%          3
c - Passwall              Tmut/Erth      15%          4%          2
d - Lee's Rapid Deconstr  Erth           16%          21%         5

Your spell library contained the following spells:

 Spells                   Type           Power        Failure   Level
 Beastly Appendage        Tmut           12%          14%         1
 Wereblood                Tmut           6%           21%         2
 Petrify                  Tmut/Erth      19%          30%         4
 Spider Form              Tmut/Pois      2%           43%         3
 Ice Form                 Ice/Tmut       5%           85%         4
 Blade Hands              Tmut           3%           98%         5


Dungeon Overview and Level Annotations

Branches:
Dungeon (4/15)
 Temple: D:4-7

Altars:

Portals:
Sewer: D:4


Innate Abilities, Weirdness & Mutations

You are resistant to torment.
Your stone body is resilient. (AC +5)
You are immune to poison.
You resist negative energy. (rN+)
You are resistant to electric shocks. (rElec)
You can survive without breathing.
You are immune to petrification.
You are immune to miasma.


Message History

The worm bites you but does no damage. The ogre closely misses you.
Casting: Passwall (safe; 4% risk of failure)
Confirm with . or Enter, or press ? or * to list all spells.
Aiming: Sandblast (safe; 1% risk of failure)
Press: ? - help, Shift-Dir - straight line, f - worm
Aim: a worm (6% to evade)
The blast of sand hits the worm!
The worm is heavily wounded.
b - 125 stones The worm bites you.
* * * LOW HITPOINT WARNING * * *
Casting: Sandblast (safe; 1% risk of failure)
Confirm with . or Enter, or press ? or * to list all spells.
Aiming: Sandblast (safe; 1% risk of failure)
Press: ? - help, Shift-Dir - straight line, f/p - worm
Aim: a worm (moderately wounded, 6% to evade)
The blast of sand misses the worm.
b - 124 stones The ogre barely misses you.
The worm bites you.
You die...

*##.....##.##.# #.#*,,.!
*#≈........##$# #.#*,*#.
*#≈≈....##.##.###.#*,**.
***≈≈#...#.5......#*,**,
#≈≈#...####.##........
#≈≈#...####.##.###....
#≈≈##........#.# *,#..
##≈≈∩####...#.#.# *,,,.
#.≈≈≈w@O≈.......# *****
#..≈≈w≈5≈≈...####
#≈.≈#####≈≈### ###**
#### ####


You could see an ogre, a lemure and 2 worms.

Vanquished Creatures
  A two-headed ogre (D:4)
  A water moccasin (D:3)
  Natasha (twice) (D:1)
  A worker ant (D:3)
  An adder (D:2)
  An ooze (D:1)
  3 worms
  2 dart slugs (D:1)
  2 leopard geckos (D:3)
  An orc (D:3)
  2 giant cockroaches
  6 goblins
  6 hobgoblins
  2 jackals (D:2)
  8 kobolds
  2 quokkas (D:3)
  A ball python (D:2)
  4 bats
  3 frilled lizards
  A jackal skeleton (D:4)
  4 rats
54 creatures vanquished.

Notes
Turn   | Place    | Note
-------+----------+-------------------------------------------
     0 | D:1      | Gwenloh the Gargoyle Earth Elementalist began the quest for
                  | the Orb.
     0 | D:1      | Reached XP level 1. HP: 10/10 MP: 3/3
   303 | D:1      | Reached skill level 4 in Earth Magic
   384 | D:1      | Reached XP level 2. HP: 15/15 MP: 5/5
  1081 | D:1      | Reached XP level 3. HP: 19/19 MP: 6/6
  1257 | D:1      | Learned a level 2 spell: Passwall
  1261 | D:1      | Learned a level 3 spell: Stone Arrow
  1497 | D:2      | Noticed Natasha
  1536 | D:1      | Killed Natasha
  1639 | D:1      | Noticed Natasha
  1642 | D:1      | Killed Natasha
  1643 | D:1      | Reached skill level 1 in Armour
  1643 | D:1      | Reached skill level 5 in Earth Magic
  1643 | D:1      | Reached XP level 4. HP: 16/24 MP: 4/8
  2720 | D:3      | Reached XP level 5. HP: 15/28 MP: 6/9
  3067 | D:3      | Noticed a water moccasin
  3079 | D:3      | Killed a water moccasin
  3080 | D:3      | Reached skill level 1 in Conjurations
  3080 | D:3      | Reached skill level 6 in Earth Magic
  3080 | D:3      | Reached XP level 6. HP: 10/32 MP: 5/10
  4143 | D:3      | Learned a level 5 spell: Lee's Rapid Deconstruction
  4157 | D:4      | Noticed a two-headed ogre
  4161 | D:4      | Killed a two-headed ogre
  4162 | D:4      | Reached skill level 7 in Earth Magic
  4162 | D:4      | Reached XP level 7. HP: 9/36 MP: 6/13
  4162 | D:4      | Reached XP level 8. HP: 11/41 MP: 6/14
  4217 | D:4      | Found a glowing drain.
  4225 | D:4      | HP: 2/41 [worm (5)]
  4226 | D:4      | Slain by a worm

Illustrated notes

Levels and vault maps discovered:
D:1:      nagdon_arrival_double_spiral, layout_basic
D:2:      layout_basic, uniq_natasha
D:3:      layout_loops_corners
D:4:      layout_loops_corners, lemuel_round_altar, kennysheep_mini_moat,
          cheibrodos_sewer_entry_bend, hellmonk_ghost_happy_afterlife,
          uniq_pikel, uniq_sigmund

Skill      XL: |  1  2  3  4  5  6 |
---------------+-------------------+-----
Earth Magic    | 4 5 6 7 |  7.9
Armour         | 1 2 3 |  3.9
Spellcasting   | 3 4 |  4.1
Conjurations   | 1 3 |  3.3
Dodging        | |  1.5
Stealth        | |  2.1
Transmutations | |  0.7

Action                   |  1- 3 |  4- 6 |  7- 9 || total
-------------------------+-------+-------+-------++-------
Melee: Club              |    82 |    56 |       ||   138
       Quarterstaff      |       |    88 |     4 ||    92
Throw: Dart              |    17 |    11 |       ||    28
       Stone             |       |     1 |       ||     1
 Cast: Sandblast         |     4 |    15 |     2 ||    21
       Passwall          |       |       |     2 ||     2
  Use: Scroll            |       |     6 |       ||     6
 Stab: Sleeping          |     1 |     2 |       ||     3
Armor: Robe              |    14 |     6 |       ||    20
       Leather armour    |       |    60 |     7 ||    67
Dodge: Dodged            |    66 |   128 |     9 ||   203
